 Dungeon Crawl Stone Soup version 0.28-a0-317-g21599a725c (webtiles) character file.

Game seed: 8334659955082343183

11823 AarnesTheHuman the Carver (level 11, -5/87 HPs)
             Began as a Barachi Ice Elementalist on Aug 31, 2021.
             Was an Elder of Cheibriados.
             Hit by a large rock thrown by a cyclops (23 damage)
             ... on level 11 of the Dungeon on Sept 1, 2021.
             The game lasted 01:31:40 (15173 turns).

AarnesTheHuman the Carver (BaIE)                   Turns: 15173, Time: 01:31:41

Health: -5/87      AC: 18    Str: 20    XL:     11   Next: 83%
Magic:  16/22      EV: 12    Int: 26    God:    Cheibriados [****..]
Gold:   60         SH:  6    Dex: 26    Spells: 14/25 levels left

rFire   + . .      SeeInvis .   b - +6 scimitar of Analysis {spect, Stlth+}
rCold   + . .      Faith    .   t - +0 buckler
rNeg    . . .      Spirit   .   v - +1 ring mail of the Skies Above {rElec Dex+4}
rPois   .          Reflect  .   (no helmet)
rElec   +          Harm     .   B - scarf {rC+ rF+}
rCorr   .          Rampage  .   q - +0 pair of gloves
Will    .....                   (no boots)
Stlth   +++.......              d - amulet of the acrobat
HPRegen 0.24/turn               w - +4 ring of protection
MPRegen 0.18/turn               (no ring)

@: ice-armoured, freezing walls, very slow
A: amphibious, slowness 1, strong legs 1, +LOS
a: Hop, Renounce Religion, Bend Time, Temporal Distortion, Slouch


You were on level 11 of the Dungeon.
You worshipped Cheibriados.
Cheibriados was greatly pleased with you.
You visited 2 branches of the dungeon, and saw 12 of its levels.

You collected 1283 gold pieces.
You spent 1223 gold pieces at shops.

Inventory:

Hand Weapons
 a - a +4 hunting sling of freezing
 b - the +6 scimitar of Analysis (weapon) {spect, Stlth+}
   (You bought it in a shop on level 5 of the Dungeon)

   When its wielder attacks, the weapon's spirit leaps out and strikes again.
   The spirit shares a part of any damage it takes with its wielder.
   Stlth:     It makes you more stealthy.
Missiles
 m - 453 stones
 n - 46 poisoned darts
 x - a throwing net
 A - 59 sling bullets
Armour
 o - +0 acid dragon scales
 q - a +0 pair of gloves (worn)
 s - a +0 leather armour of cold resistance
 t - a +0 buckler (worn)
 u - a +0 kite shield
 v - the +1 ring mail of the Skies Above (worn) {rElec Dex+4}
   (You found it on level 5 of the Dungeon)

   Dex:       It affects your dexterity (+4).
   rElec:     It insulates you from electricity.
 B - a scarf of resistance (worn)
Jewellery
 d - an amulet of the acrobat (around neck)
 w - a +4 ring of protection (left hand)
Wands
 l - a wand of flame (7)
Scrolls
 g - 4 scrolls of teleportation
 i - 3 scrolls of identify
 p - a scroll of magic mapping
 y - a scroll of enchant weapon
 z - a scroll of fear
Potions
 c - 3 potions of brilliance
 e - 3 potions of flight
 f - 6 potions of curing
 h - 2 potions of ambrosia
 j - 2 potions of attraction
 k - a potion of lignification


   Skills:
 + Level 8.9 Fighting
 * Level 10.4 Long Blades
 - Level 5.5 Armour
 - Level 2.1 Dodging
 - Level 1.7 Stealth
 - Level 4.0 Shields
 + Level 7.9 Spellcasting
 * Level 3.6 Conjurations
 - Level 3.4 Summonings
 - Level 10.2 Ice Magic
 + Level 5.4 Invocations


You had 14 spell levels left.
You knew the following spells:

 Your Spells              Type           Power      Damage    Failure   Level
a - Freeze                Ice            100%       1d11      1%          1
b - Frozen Ramparts       Ice            100%       1d12      1%          3
c - Ozocubu's Armour      Ice            59%        N/A       1%          3
d - Call Canine Familiar  Summ           28%        N/A       7%          3
e - Magic Dart            Conj           100%       1d8       1%          1

Your spell library contained the following spells:

 Spells                   Type           Power      Damage    Failure   Level
 Summon Small Mammal      Summ           100%       N/A       2%          1
 Searing Ray              Conj           58%        3d5       3%          2
 Foxfire                  Conj/Fire      76%        2x1d7     4%          1
 Hailstorm                Conj/Ice       46%        3d11      5%          4
 Animate Skeleton         Necr           20%        N/A       10%         1
 Apportation              Tloc           20%        N/A       10%         1
 Corona                   Hex            11%        N/A       10%         1
 Stone Arrow              Conj/Erth      38%        3d9       13%         3
 Slow                     Hex            10%        N/A       14%         2
 Sublimation of Blood     Necr           5%         N/A       14%         2
 Wereblood                Tmut           10%        N/A       14%         2
 Confusing Touch          Hex            10%        N/A       28%         3
 Portal Projectile        Hex/Tloc       20%        N/A       28%         3
 Fulminant Prism          Conj/Hex       9%         3d7       41%         4
 Sticky Flame             Conj/Fire      19%        2d4       41%         4
 Leda's Liquefaction      Hex/Erth       5%         N/A       67%         4
 Bolt of Magma            Conj/Fire/Erth 8%         4d6       83%         5
 Yara's Violent Unravell  Hex/Tmut       5%         3d4       95%         5
 Summon Hydra             Summ           14%        N/A       100%        7
 Fire Storm               Conj/Fire      9%         8d3       100%        9
 Shatter                  Erth           5%         3d8*      100%        9


Dungeon Overview and Level Annotations

Branches:
Dungeon (11/15)            Temple (1/1) D:6
   Lair: D:8-11         Orc: D:9-12

Altars:
Ashenzari
Cheibriados
Dithmenos
Elyvilon
Fedhas
Gozag
Hepliaklqana
Kikubaaqudgha
Makhleb
Okawaru
Qazlal
Ru
Sif Muna
Trog
Uskayaw
Vehumet
Wu Jian
Xom
Yredelemnul
Zin
The Shining One

Shops:
D:2 ?:   D:5 (   D:11 ?

Portals:
Ice
Cave: D:11

Annotations:
D:6 exclusion: 9 doors
D:7 1 runed translucent door, exclusion: door, Crazy Yiuf
D:11 Urug


Innate Abilities, Weirdness & Mutations

You are amphibious.
You cover ground slowly.
You can hop short distances.
You have an extended range of vision and can be seen from far away.


Message History

The polar bear bites you but does no damage.
The polar bear claws you but does no damage. x2
The polar bear resists.
The wall freezes the polar bear.
The wall freezes the polar bear but does no damage.
The polar bear misses you.
The polar bear claws you but does no damage.
The polar bear barely misses you.
You hit the polar bear.
The polar bear is almost dead.
The polar bear resists.
The wall freezes the polar bear.
The polar bear completely resists.
The wall freezes the polar bear but does no damage.
The polar bear bites you but does no damage.
The polar bear barely misses you. The polar bear claws you.
You slice the polar bear!!
You kill the polar bear!
Cheibriados thoroughly appreciates the change of pace.
The polar bear resists.
The wall freezes the polar bear.
You barely miss the polar bear.
The polar bear is heavily wounded.
The wall freezes the cyclops!
The cyclops throws a large rock.
The large rock hits you!!
* * * LOW HITPOINT WARNING * * *
The polar bear resists.
The wall freezes the polar bear.
The polar bear closely misses you. You block the polar bear's attack.
The polar bear claws you but does no damage.
Okay, then.
Okay, then.
Okay, then.
Unknown command.
Okay, then.
Unknown command.
Okay, then.
Unknown command.
Press: ? - help, v - describe, . - travel
Here: a cyclops, quivering large rocks (moderately wounded)
The floor.
You feel better.
The wall freezes the cyclops.
The cyclops throws a large rock.
The large rock hits you!!
You die...

........oo##.....................
..................#..............
###..............................
###...#######....##..............
#..o.## ######.........#....
#...o# . # ##..............
#.oo## ....#.####C..............
#..o## .∩.....h#.#...#..).(.....
#....# #@#########)))...P #....#
####....).)#...... #....##
#####....†..#....♣.
##....#########...........#...#..
#..<....##.............(.#...#..
#.......##............(..#...#P.
#.......##...............#.... .
#.......##...............#......
#...<...##.........(..#########♣


You could see a cyclops and a polar bear.

Vanquished Creatures
  3 two-headed ogres
  Pikel (D:9)
  An ugly thing (D:9)
  Maggie (D:7)
  A rime drake (D:11)
  3 trolls
  2 hornets
  3 polar bears (D:11)
  A shadow (D:9)
  A wraith (D:10)
  13 yaks
  A wyvern (D:9)
  2 steam dragons
  Menkaure (D:7)
  An acid dragon (D:10)
  Duvessa (D:7)
  3 water moccasins
  5 orc warriors
  2 ice beasts
  A hornet zombie (D:8)
  A sky beast (D:5)
  A necrophage (D:6)
  2 centaurs (D:8)
  2 ogres
  A wolf (D:11)
  3 lemures (D:9)
  4 kobold brigands
  A gnoll sergeant (D:9)
  A water moccasin zombie (D:5)
  A scorpion (D:7)
  Dowan (D:7)
  13 killer bees
  A howler monkey (D:7)
  2 vampire bats (D:4)
  4 crimson imps (D:6)
  3 centaur zombies
  A bullfrog zombie (D:5)
  A centaur skeleton (D:7)
  4 orc priests
  2 hounds (D:4)
  2 jellies
  3 iguanas
  2 orc wizards
  A howler monkey zombie (D:8)
  6 gnolls
  6 adders
  A white imp (D:7)
  An ufetubus (D:6)
  An adder skeleton (D:5)
  2 worms
  23 orcs
  6 endoplasms
  2 giant cockroaches (D:4)
  7 goblins
  9 hobgoblins
  8 jackals
  25 kobolds
  3 quokkas
  6 ball pythons
  12 bats
  3 frilled lizards
  7 rats
232 creatures vanquished.

Vanquished Creatures (others)
  3 fungi (D:11)
  18 plants
21 creatures vanquished.

Grand Total: 253 creatures vanquished

Notes
Turn   | Place    | Note
-------+----------+-------------------------------------------
     0 | D:1      | AarnesTheHuman the Barachi Ice Elementalist began the quest
                  | for the Orb.
     0 | D:1      | Reached XP level 1. HP: 13/13 MP: 3/3
    42 | D:1      | Reached skill level 5 in Ice Magic
   150 | D:1      | Reached XP level 2. HP: 13/20 MP: 1/5
   461 | D:1      | Found a faded altar of an unknown god.
   661 | D:1      | Reached skill level 1 in Fighting
  1352 | D:2      | Reached XP level 3. HP: 26/26 MP: 4/6
  1514 | D:2      | Found Taux Juse's Magic Scroll Shoppe.
  1514 | D:2      | Found Samniel's Book Shop.
  2008 | D:2      | Reached XP level 4. HP: 21/33 MP: 1/8
  2783 | D:3      | Found a blossoming altar of Fedhas.
  3338 | D:4      | Reached XP level 5. HP: 28/39 MP: 5/9
  3858 | D:4      | Noticed an ogre
  3894 | D:3      | Killed an ogre
  3895 | D:3      | Reached XP level 6. HP: 41/47 MP: 6/11
  3916 | D:3      | Learned a level 3 spell: Frozen Ramparts
  3920 | D:3      | Learned a level 3 spell: Ozocubu's Armour
  4012 | D:4      | Found a stormy altar of Qazlal.
  4271 | D:4      | Reached skill level 1 in Armour
  4888 | D:4      | Reached XP level 7. HP: 51/53 MP: 11/13
  5030 | D:5      | Entered Level 5 of the Dungeon
  5033 | D:5      | Found Nudosifo's Weapon Boutique.
  6472 | D:5      | Found an ornate altar of the Wu Jian Council.
  6519 | D:5      | Identified the +1 ring mail of the Skies Above {rElec
                  | Dex+4}
  6543 | D:5      | Identified a scroll of acquirement
  6570 | D:5      | Acquired 685 gold pieces
  6572 | D:5      | Bought the +6 scimitar of Analysis {spect, Stlth+} for 547
                  | gold pieces
  6645 | D:6      | Reached skill level 1 in Long Blades
  6645 | D:6      | Reached XP level 8. HP: 61/61 MP: 7/15
  6737 | D:6      | Reached skill level 5 in Spellcasting
  6829 | D:6      | Found a staircase to the Ecumenical Temple.
  6839 | Temple   | Entered the Ecumenical Temple
  6937 | Temple   | Became a worshipper of Cheibriados the Contemplative
  7135 | D:6      | Reached skill level 5 in Fighting
  7688 | D:6      | Noticed a deep elf pyromancer
  7801 | D:6      | Found a shimmering altar of Xom.
  7808 | D:6      | Reached skill level 1 in Invocations
  8113 | D:7      | Noticed Menkaure
  8416 | D:7      | Noticed Maggie
  8417 | D:7      | Noticed Dowan
  8433 | D:7      | Killed Dowan
  8582 | D:7      | Noticed Duvessa
  8588 | D:7      | Killed Maggie
  8589 | D:7      | Reached XP level 9. HP: 21/69 MP: 7/17
  8593 | D:7      | Killed Duvessa
  9165 | D:7      | Noticed a two-headed ogre
  9192 | D:7      | Killed Menkaure
  9193 | D:7      | Reached skill level 5 in Long Blades
  9541 | D:7      | Reached * piety under Cheibriados
  9544 | D:7      | Found a shimmering blue altar of Sif Muna.
  9642 | D:7      | Killed a two-headed ogre
  9643 | D:7      | Reached skill level 5 in Armour
  9780 | D:7      | Found a runed translucent door.
  9781 | D:7      | Noticed Crazy Yiuf
 10159 | D:8      | Reached XP level 10. HP: 57/77 MP: 15/19
 10289 | D:8      | Reached skill level 10 in Ice Magic
 11178 | D:9      | Reached ** piety under Cheibriados
 11414 | D:8      | Upgraded the game from 0.28-a0-312-gbced6e68ee to
                  | 0.28-a0-317-g21599a725c
 11437 | D:8      | Learned a level 3 spell: Call Canine Familiar
 11488 | D:9      | Noticed a two-headed ogre
 11496 | D:9      | Killed a two-headed ogre
 11497 | D:9      | Reached skill level 1 in Summonings
 12350 | D:9      | Got the Almanac of the Rocks and Fire
 12401 | D:9      | Noticed Pikel
 12411 | D:9      | Killed Pikel
 12419 | D:9      | Reached XP level 11. HP: 70/86 MP: 18/21
 12430 | D:9      | Reached *** piety under Cheibriados
 12591 | D:9      | Noticed a red ugly thing
 12599 | D:9      | Killed a red ugly thing
 12889 | D:9      | Found a sacrificial altar of Ru.
 12899 | D:9      | Learned a level 1 spell: Magic Dart
 12918 | D:10     | Entered Level 10 of the Dungeon
 13070 | D:10     | Reached skill level 1 in Shields
 13808 | D:10     | Noticed a two-headed ogre
 13821 | D:10     | Killed a two-headed ogre
 13821 | D:10     | Reached **** piety under Cheibriados
 13822 | D:10     | Reached skill level 1 in Conjurations
 13972 | D:10     | Reached skill level 5 in Invocations
 13980 | D:10     | Reached skill level 10 in Long Blades
 14509 | D:2      | Bought a scroll of acquirement for 676 gold pieces
 14509 | D:2      | Acquired a scarf of resistance
 14866 | D:11     | Noticed Urug
 15016 | D:11     | Found Uckol's Magic Scroll Shop.
 15145 | D:11     | Found a frozen archway.
 15157 | D:11     | Noticed a cyclops
 15173 | D:11     | Hit by a large rock thrown by a cyclops

Illustrated notes

Levels and vault maps discovered:
D:1:      minmay_arrival_four_loops, layout_loops_ring,
          dreamdust_ecumenical_altar_hidden_monk_grotto, minmay_misc_feat_tiny,
          hex_tiny
D:2:      minmay_chambers_of_ones, layout_basic, serial_shops, shop,
          nicolae_shop_stone, minivault_27
D:3:      layout_basic, fedhas_altar_1, serial_bayou, serial_bayou_shore_a,
          serial_bayou_shore_b, serial_bayou_pond_e, serial_bayou_pond_d,
          minmay_misc_feat_square
D:4:      layout_layer_cave, nicolae_qazlal_scattered_showers, roderic_batcave
D:5:      layout_cave_pods, nzn_wu_jian_contemplation,
          nemelex_dance_club_becter, serial_shops, shop,
          kennysheep_generic_room_10
D:6:      layout_layer_cave, led_xom_imps, minmay_temple_entry_slanted,
          guppyfry_early_elven_hall
D:7:      layout_rooms, marbit_many_paths, uniq_duvessa,
          uniq_crazy_yiuf_cottage, uniq_maggie, uniq_menkaure
D:8:      layout_cave_pods
D:9:      layout_loops_ring, nicolae_ru_path_of_blood, roderic_three_in_a_row,
          uniq_pikel
D:10:     layout_basic
D:11:     regret_index_wax_grids, layout_basic, minmay_lair_entry_grove,
          erik_orc_4, portal_ice_cave_entry_animals_and_master, serial_shops,
          nicolae_stop_n_shop_2, minmay_misc_feat_room, uniq_urug
Temple:   regret_index_temple_waves

Skill      XL: |  1  2  3  4  5  6  7  8  9 10 11 |
---------------+----------------------------------+-----
Ice Magic      | 5 6 7 8 9 10 | 10.2
Fighting       | 1 2 3 4 5 6 8 |  8.9
Spellcasting   | 3 4 5 6 7 |  7.9
Armour         | 1 3 4 5 |  5.5
Long Blades    | 1 4 6 9 10 | 10.4
Invocations    | 1 3 4 5 |  5.4
Summonings     | 2 3 |  3.4
Shields        | 4 |  4.0
Conjurations   | 3 |  3.6
Dodging        | |  2.1
Stealth        | |  1.7

Action                   |  1- 3 |  4- 6 |  7- 9 | 10-12 || total
-------------------------+-------+-------+-------+-------++-------
Melee: Club              |     3 |       |    13 |       ||    16
       Dagger            |    15 |    21 |    40 |       ||    76
       Scimitar          |       |       |    38 |   128 ||   166
 Fire: Hunting sling     |       |       |    98 |   118 ||   216
Throw: Dart              |       |    29 |       |       ||    29
       Throwing net      |       |       |     2 |     1 ||     3
 Cast: Freeze            |    50 |    77 |    24 |     3 ||   154
       Frozen Ramparts   |       |       |    13 |    21 ||    34
       Ozocubu's Armour  |       |       |     5 |    11 ||    16
       Magic Dart        |       |       |       |     6 ||     6
Invok: Bend Time         |       |       |     2 |       ||     2
 Abil: Hop               |     2 |     2 |       |     2 ||     6
Evoke: Wand              |       |       |     4 |       ||     4
  Use: Scroll            |       |     6 |     9 |     5 ||    20
       Potion            |       |       |     1 |     1 ||     2
 Stab: Sleeping          |     2 |     3 |     2 |     1 ||     8
       Distracted        |       |       |     1 |       ||     1
Armor: Robe              |     4 |       |       |       ||     4
       Leather armour    |     4 |    16 |    26 |       ||    46
       Ring mail         |       |       |    13 |    56 ||    69
Dodge: Dodged            |    37 |    75 |    84 |   109 ||   305
Block: Buckler           |       |       |       |    22 ||    22

Table legend: (Time is in decaauts)
 A = Elapsed time spent in this place.
 B = Non-inter-level travel time spent in this place.
 C = Inter-level travel time spent in this place.
 D = Time resting spent in this place.
 E = Time spent auto-exploring this place.
 F = Levels seen in this place.
 G = Mean time per level.
                   A        B        C        D        E       F      G
               +--------+--------+--------+--------+--------+-----+--------+
         Total |  19408 |  16611 |   2797 |   3808 |   8475 |  12 | 1617.3 |
       Dungeon |  19093 |  16322 |   2771 |   3708 |   8405 |  11 | 1735.7 |
        Temple |    314 |    289 |     25 |    100 |     69 |   1 |  314.0 |
               +--------+--------+--------+--------+--------+-----+--------+

Top non-repeatable levels by time:
     D:6: 2719 daAuts
    D:10: 2482 daAuts
     D:8: 2458 daAuts
     D:4: 2423 daAuts
     D:9: 2003 daAuts
     D:1: 1600 daAuts
     D:2: 1600 daAuts
     D:3: 1425 daAuts
     D:7: 1356 daAuts
     D:5: 714 daAuts
  Temple: 314 daAuts
    D:11: 308 daAuts
